 Dungeon Crawl Stone Soup version 0.29-a0-214-g17f627cfee (webtiles) character file.

Game seed: 6973956726160025790

70651 mcwallace the Fighter (level 15, -21/152 HPs)
             Began as a Naga Ice Elementalist on Feb 25, 2022.
             Was the Champion of Cheibriados.
             Demolished by an enormous slime creature (75 damage)
             ... on level 13 of the Dungeon.
             The game lasted 01:12:10 (24855 turns).

mcwallace the Fighter (Naga Ice Elementalist)      Turns: 24855, Time: 01:12:10

Health: -21/152    AC: 19    Str: 25    XL:     15   Next: 34%
Magic:  25/36      EV: 23    Int: 46    God:    Cheibriados [******]
Gold:   1933       SH:  0    Dex: 30    Spells: 18/29 levels left

rFire   . . .      SeeInvis +   G - +8 trident of the Octopus King {venom, rElec rPois, polearm}
rCold   + + +      Faith    +   (no shield)
rNeg    . . .      Spirit   .   p - +3 ring mail of Limited Liability {rPois rC+++ SInv}
rPois   +          Reflect  .   y - +3 hat of Pondering {ponderous, Will+ MP+10 Int+5}
rElec   +          Harm     .   f - +1 cloak {Stlth+}
rCorr   .          Rampage  .   I - +0 pair of gloves
Will    ++...                   (no barding)
Stlth   ++++......              L - amulet of faith {!P}
HPRegen 0.35/turn               m - +6 ring of intelligence
MPRegen 0.25/turn               a - +4 ring of evasion

@: freezing walls, very slow
A: AC +5, large, see invisible, deformed body, poison resistance, slowness 2,
spit poison 1, naga tail 2
a: Spit Poison, Renounce Religion, Bend Time, Temporal Distortion, Slouch, Step
From Time


You were on level 13 of the Dungeon.
You worshipped Cheibriados.
Cheibriados was exalted by your worship.
You visited 3 branches of the dungeon, and saw 20 of its levels.

You collected 1933 gold pieces.


Innate Abilities, Weirdness & Mutations

Your serpentine skin is tough. (AC +5)
You have supernaturally acute eyesight. (SInv)
Armour fits poorly on your strangely shaped body.
Your system is resistant to poisons. (rPois)
You cover ground very slowly.
You can spit poison.
You can use your snake-like lower body to constrict enemies.


   Skills:
 + Level 14.5 Fighting
 + Level 7.5 Polearms
 - Level 8.0 Armour
 + Level 10.2 Dodging
 - Level 3.0 Stealth
 - Level 7.8 Spellcasting
 - Level 9.3 Ice Magic
 - Level 8.2 Poison Magic
 + Level 11.3 Invocations
 + Level 5.6 Evocations


You had 18 spell levels left.
You knew the following spells:

 Your Spells              Type           Power      Damage    Failure   Level
a - Freeze                Ice            100%       1d11      1%          1
b - Frozen Ramparts       Ice            100%       1d12      1%          3
c - Ozocubu's Armour      Ice            81%        N/A       1%          3
d - Olgreb's Toxic Radia  Pois           76%        N/A       1%          4

Your spell library contained the following spells:

 Spells                   Type           Power      Damage    Failure   Level
 Sting                    Tmut/Pois      100%       1d8       1%          1
 Ensorcelled Hibernation  Hex/Ice        100%       N/A       1%          2
 Poisonous Vapours        Pois/Air       100%       N/A       1%          2
 Passwall                 Tmut/Erth      15%        N/A       3%          2
 Scorch                   Fire           36%        2d7       3%          2
 Static Discharge         Conj/Air       18%        N/A       3%          2
 Sublimation of Blood     Necr           18%        N/A       3%          2
 Hailstorm                Conj/Ice       57%        3d12      3%          4
 Call Canine Familiar     Summ           18%        N/A       6%          3
 Portal Projectile        Hex/Tloc       36%        N/A       6%          3
 Swiftness                Air            18%        N/A       6%          3
 Flame Wave               Conj/Fire      18%        2d6       21%         4
 Leda's Liquefaction      Hex/Erth       9%         N/A       21%         4
 Petrify                  Tmut/Erth      18%        N/A       21%         4
 Blade Hands              Tmut           9%         N/A       50%         5
 Excruciating Wounds      Necr           9%         N/A       50%         5
 Irradiate                Conj/Tmut      9%         3d16      50%         5
 Lightning Bolt           Conj/Air       9%         1d21      50%         5
 Summon Cactus Giant      Summ           9%         N/A       97%         6
 Maxwell's Capacitive Co  Air            9%         ∞         100%        8

Inventory:

Hand Weapons
 z - a +5 spear of freezing {polearm}
   (You took it off a wight on level 4 of the Dungeon)
 G - the +8 trident of the Octopus King (weapon) {venom, rElec rPois, polearm}
   (You found it on level 9 of the Dungeon)

   It poisons the flesh of those it strikes.
   rElec:     It insulates you from electricity.
   rPois:     It protects you from poison.
 U - the +8 glaive of Caetor {vorpal, Stlth+, polearm}
   (You found it on level 4 of the Lair of Beasts)

   It inflicts extra damage upon your enemies.
   Stlth:     It makes you more stealthy.
Missiles
 d - 617 stones (quivered) {throwing}
 D - 33 poisoned darts {throwing}
 S - 9 atropa-tipped darts {throwing}
 X - 3 boomerangs of dispersal {=f!fthrowing}
Armour
 f - a +1 cloak of stealth (worn)
   (You found it on level 1 of the Dungeon)
 p - the +3 ring mail of Limited Liability (worn) {rPois rC+++ SInv}
   (You found it on level 2 of the Dungeon)

   rC:        It renders you almost immune to cold.
   rPois:     It protects you from poison.
   SInv:      It lets you see invisible.
 y - the +3 hat of Pondering (worn) {ponderous, Will+ MP+10 Int+5}
   (You took it off Gastronok on level 2 of the Lair of Beasts)

   Int:       It affects your intelligence (+5).
   MP:        It affects your magic capacity (+10).
   Will:      It increases your willpower.
 I - a +0 pair of gloves (worn)
   (You found it on level 10 of the Dungeon)
Jewellery
 a - a +4 ring of evasion (right hand)
   (You found it on level 8 of the Dungeon)
 h - a +6 ring of strength
   (You found it on level 4 of the Lair of Beasts)
 l - a ring of wizardry
   (You found it on level 11 of the Dungeon)
 m - a +6 ring of intelligence (left hand)
   (You found it on level 2 of the Dungeon)
 u - a +4 ring of protection
   (You found it on level 11 of the Dungeon)
 L - an amulet of faith (around neck) {!P}
   (You found it on level 4 of the Dungeon)
 W - a ring of resist corrosion
   (You found it on level 6 of the Dungeon)
Wands
 t - a wand of mindburst (18)
   (You found it on level 3 of the Dungeon)
 A - a wand of iceblast (18)
   (You found it on level 10 of the Dungeon)
 B - a wand of polymorph (14)
   (You took it off Ijyb on level 3 of the Dungeon)
 M - a wand of charming (4)
   (You found it on level 4 of the Lair of Beasts)
 N - a wand of flame (2)
   (You found it on level 11 of the Dungeon)
 O - a wand of acid (7)
   (You found it on level 1 of the Lair of Beasts)
 T - a wand of digging (8)
   (You found it on level 6 of the Dungeon)
Scrolls
 e - 14 scrolls of identify {unknown}
 g - 2 scrolls of magic mapping {unknown}
 i - 11 scrolls of teleportation {@r4}
 k - 4 scrolls of noise {unknown}
 n - 2 scrolls of immolation {unknown}
 o - a scroll of amnesia {unknown}
 q - 5 scrolls of vulnerability {unknown}
 s - 5 scrolls of blinking {unknown}
 C - a scroll of fear {unknown}
 E - a scroll of holy word {unknown}
 J - 4 scrolls of fog {unknown}
 P - 3 scrolls of enchant armour {unknown}
 R - 2 scrolls of enchant weapon {unknown}
 Z - a scroll of summoning {unknown}
Potions
 b - a potion of cancellation {unknown}
 c - 8 potions of heal wounds {@q2}
 j - 3 potions of brilliance {unknown}
 v - 2 potions of resistance
 w - 5 potions of degeneration {unknown}
 x - 12 potions of curing {@q1}
 F - 3 potions of invisibility {unknown}
 H - 2 potions of flight {unknown}
 K - a potion of ambrosia {unknown}
 Q - 2 potions of mutation {unknown}
 V - 2 potions of haste {unknown}
 Y - 7 potions of attraction {unknown}
Miscellaneous
 r - a phantom mirror
   (You found it on level 6 of the Lair of Beasts)

Dungeon Overview and Level Annotations

Branches:
Dungeon (13/15)            Temple (1/1) D:5            Lair (6/6) D:11
  Swamp (0/4) Lair:4        Snake (0/4) Lair:3        Slime (0/5) Lair:6
    Orc (0/2) D:12         Vaults (0/5) D:13

Altars:
Cheibriados
Dithmenos
Elyvilon
Hepliaklqana
Kikubaaqudgha
Makhleb
Nemelex Xobeh
Okawaru
Ru
Vehumet
The Shining One
Beogh

Shops:
D:8 =

Portals:
Hell: Lair:6

Annotations:
D:4 2 transporters
D:8 2 transporters
Lair:6 exclusion: 3 oklob plants

#.........##.....##...........
#######################'#####....
..# #.# #.... ..#
###################.#####.... ..#
#...................##.......
..###.####################.##....
..+..............................
..###.####################.##....
##.............J@.....# #.##....
##......#############.# #.##....
##......# #.##.... ##......#
#.##.... #......# #.##....
####.#.# #....### ### #.#.#
####.# # ..# #.#.# #.###
#.###.#.# #....


You could see an enormous slime creature (extremely poisoned).


Message History

The large slime creature closely misses you. 😕 HP[+1]
You puncture the large slime creature!
The slime creature quivers.
The wall freezes the slime creature.
Two slime creatures merge to form a large slime creature.
The wall freezes the large slime creature.
The large slime creature closely misses you.
You impale the large slime creature!!
The wall freezes the large slime creature.
Two slime creatures merge to form an enormous slime creature.
You hit the enormous slime creature.
The enormous slime creature is poisoned. 😎 HP[+1]
Your hp is fully restored (152).
You hit the enormous slime creature but do no damage. 😎 MP[+1]
You hit the enormous slime creature but do no damage.
The wall freezes the enormous slime creature!
The enormous slime creature hits you! 😕 HP[-17]
You take 17 damage, and now have 135/152 hp.
You puncture the enormous slime creature!
The frozen ramparts melt away.
The enormous slime creature hits you!!!
You hear a shout! 😮 HP[-52]
You take 52 damage, and now have 83/152 hp.
MASSIVE DAMAGE!! (PAUSE)
You puncture the enormous slime creature!
Two slime creatures merge to form a titanic slime creature.
You step out of the flow of time.
You return to the normal time flow. 😮 MP[-9]
You lost 9 mp, and now have 22/36 mp.
The slime creature quivers. 😮 HP[+1] 😮 HP[+1] MP[+1]
The slime creature closely misses you. 😮 HP[+1] MP[+1]
The slime creature quivers.
You puncture the slime creature!
The slime creature looks as sick as possible! 😮 HP[+1]
The slime creature quivers.
You puncture the slime creature!
The slime creature looks as sick as possible!
The slime creature completely misses you.
The slime creature quivers.
You puncture the slime creature! You punch the slime creature.
You kill the slime creature!
Cheibriados appreciates the change of pace.
The slime creature completely misses you.
Two slime creatures merge to form a large slime creature. 😮 HP[+1] MP[+1]
The slime creature quivers.
You impale the large slime creature!!
Two slime creatures merge to form a very large slime creature. 😮 HP[+1]
The very large slime creature closely misses you.
Two slime creatures merge to form an enormous slime creature. 😮 HP[+1] MP[+1]
Casting: Olgreb's Toxic Radiance (mildly dangerous; 1% risk of failure)
Confirm with . or Enter, or press ? or * to list all spells.
Casting: Frozen Ramparts (safe; 1% risk of failure)
Press: ? - help, Dir - look around, f - activate The walls around you are covered in ice. 😮 MP[-3]
You lost 3 mp, and now have 23/36 mp.
You impale the enormous slime creature!!
The enormous slime creature looks as sick as possible!
The wall freezes the enormous slime creature.
The enormous slime creature hits you but does no damage. 😮 MP[+1]
You hit the enormous slime creature.
The enormous slime creature looks as sick as possible!
The wall freezes the enormous slime creature.
The enormous slime creature closely misses you. 😮 HP[+1]
You hit the enormous slime creature.
The wall freezes the enormous slime creature.
The enormous slime creature completely misses you.
You puncture the enormous slime creature!
The enormous slime creature looks as sick as possible!
The wall freezes the enormous slime creature!
The enormous slime creature hits you!!!
* * * LOW HITPOINT WARNING * * *
😨 HP[-38]
You take 38 damage, and now have 53/152 hp.
MASSIVE DAMAGE!! (PAUSE)
You barely miss the enormous slime creature.
The wall freezes the enormous slime creature.
The enormous slime creature misses you. 😨 HP[+1] MP[+1]
You barely miss the enormous slime creature.
The wall freezes the enormous slime creature.
The enormous slime creature misses you.
You hit the enormous slime creature.
The enormous slime creature looks as sick as possible!
The wall freezes the enormous slime creature.
The enormous slime creature hits you!!!!
You die...

Skill      XL: |  1  2  3  4  5  6  7  8  9 10 11 12 13 14 15 |
---------------+----------------------------------------------+-----
Fighting       | 1 2 3 4 6 8 9 11 12 13 14 | 14.5
Dodging        | 2 3 4 5 6 7 8 9 10 | 10.2
Armour         | 1 2 3 4 5 6 7 8 |  8.0
Spellcasting   | 3 4 5 6 7 |  7.8
Ice Magic      | 5 6 7 8 9 |  9.3
Invocations    | 3 5 7 9 10 11 | 11.3
Poison Magic   | 5 8 |  8.2
Polearms       | 1 4 6 7 |  7.5
Evocations     | 4 5 |  5.6
Stealth        | |  3.0

Action                   |  1- 3 |  4- 6 |  7- 9 | 10-12 | 13-15 || total
-------------------------+-------+-------+-------+-------+-------++-------
Melee: Dagger            |     9 |       |       |       |       ||     9
       Punch             |     1 |     1 |     1 |     5 |     8 ||    16
       Whip              |       |    50 |       |       |       ||    50
       Flail             |       |    22 |    14 |       |       ||    36
       Unarmed           |       |     1 |       |       |       ||     1
       Spear             |       |       |   203 |    96 |       ||   299
       Trident           |       |       |       |   288 |   510 ||   798
       Constrict         |       |       |       |       |   108 ||   108
       Glaive            |       |       |       |       |     7 ||     7
Throw: Dart              |       |       |       |     1 |       ||     1
 Cast: Freeze            |    44 |       |       |       |       ||    44
       Frozen Ramparts   |       |    15 |    39 |    60 |    51 ||   165
       Ozocubu's Armour  |       |     4 |     5 |     9 |    16 ||    34
       Olgreb's Toxic Ra |       |       |       |     1 |    31 ||    32
Invok: Slouch            |       |       |       |     2 |     2 ||     4
       Step From Time    |       |       |       |       |     1 ||     1
 Abil: Spit Poison       |     2 |     6 |     3 |     4 |       ||    15
Evoke: Wand              |       |       |     6 |     1 |     3 ||    10
  Use: Potion            |       |       |       |     3 |       ||     3
       Scroll            |       |       |       |     1 |       ||     1
 Stab: Sleeping          |     3 |     4 |     5 |     5 |    19 ||    36
       Distracted        |       |       |       |       |     2 ||     2
Armor: Robe              |    11 |    40 |    84 |    15 |       ||   150
       Ring mail         |       |       |       |   263 |   255 ||   518
Dodge: Dodged            |    19 |    27 |   130 |   625 |   750 ||  1551

Levels and vault maps discovered:
D:1:      shiori_arrival_maze, layout_rooms, grunt_decor_arrowhead
D:2:      layout_rooms, hellmonk_ecumenical_altar_prayer_group
D:3:      layout_basic, minmay_shallow_snake_nest, uniq_ijyb
D:4:      gammafunk_cloud_chamber, layout_cave_pods,
          mainiacjoe_overflow_catwalk, minmay_manual_mail
D:5:      layout_layer_cave, temple_statues, nicolae_fountain_basement
D:6:      layout_loops_ring, elyvilon_altar_5, portal_sewer_entry_f,
          uniq_menkaure
D:7:      layout_gridville, chequers_serial_rivers_large_b, minmay_nine_imps
D:8:      layout_gridville, lemuel_round_altar, gammafunk_ghost_gnarly_gnolls,
          special_room [special_room_orc], serial_shops,
          nicolae_shop_advertising_works [nicolae_subvault_shop_adworks]
D:9:      gammafunk_indiana_jones, layout_loops_ring,
          mainiacjoe_overflow_catwalk_spiral, hangedman_decor_push
D:10:     hangedman_screamer, layout_small_grid, lemuel_coloured_pillars_altar,
          hangedman_misty_isle
D:11:     layout_irregular_city, erik_lair_orcish_takeover
D:12:     minmay_klotski, layout_basic, orc_0_dummy, special_room
          [special_room_orc], minmay_protected_statue
D:13:     layout_basic, david_vaults_1
Temple:   regret_index_temple_sphere_string
Lair:1:   layout_cellular_growth, minivault_24
Lair:2:   layout_long_grid, grunt_forest_large_clearing_hut, grunt_megastairs_4,
          lemuel_fruit_tree, uniq_harold, uniq_gastronok
Lair:3:   nzn_winding_woodlands_huge [nzn_winding_woodlands_5x15_pockets,
          nzn_winding_woodlands_5x15_zeroes, nzn_winding_woodlands_5x15_pool,
          nzn_winding_woodlands_5x15_garden,
          nzn_winding_woodlands_5x15_sidewinder,
          nzn_winding_woodlands_5x15_default,
          nzn_winding_woodlands_5x15_river_crossing,
          nzn_winding_woodlands_5x15_cabin,
          nzn_winding_woodlands_5x15_concentric, nzn_winding_woodlands_5x15_eye,
          nzn_winding_woodlands_center_triple_pond,
          nzn_winding_woodlands_center_garden,
          nzn_winding_woodlands_15x15_five_gardens], layout_regular_city
Lair:4:   layout_small_grid, minmay_swamp_entry_eels, grunt_megastairs_2,
          infiniplex_staircase_pool, uniq_josephine, uniq_nergalle
Lair:5:   layout_regular_city, chequers_serial_rivers_large_a,
          nicolae_lair_grazing_beasts [nicolae_sub_lair_graze_edge,
          nicolae_sub_lair_graze_edge, nicolae_sub_lair_graze_edge,
          nicolae_sub_lair_graze_edge]
Lair:6:   evil_forest, layout_hall_layers, minmay_slime_entry_oklob_open,
          uniq_urug

Notes
Turn   | Place    | Note
-------+----------+-------------------------------------------
     0 | D:1      | mcwallace the Naga Ice Elementalist began the quest for the
                  | Orb.
     0 | D:1      | Reached XP level 1. HP: 15/15 MP: 3/3
     0 | D:1      | magus.rc [v1.9.6]
   315 | D:1      | Reached XP level 2. HP: 18/24 MP: 3/5
   736 | D:1      | Reached skill level 1 in Fighting
   837 | D:1      | Reached XP level 3. HP: 31/31 MP: 3/6
   854 | D:1      | Reached skill level 2 in Dodging
  1432 | D:2      | Reached XP level 4. HP: 24/38 MP: 0/7
  1439 | D:2      | Learned a level 3 spell: Frozen Ramparts
  1559 | D:2      | Learned a level 3 spell: Ozocubu's Armour
  1989 | D:2      | Identified the +3 ring mail of Limited Liability {rPois
                  | rC+++ SInv}
  2274 | D:2      | Found a faded altar of an unknown god.
  2565 | D:3      | Reached XP level 5. HP: 42/45 MP: 5/9
  2631 | D:3      | Reached skill level 2 in Fighting
  3036 | D:3      | Noticed Ijyb
  3045 | D:3      | Killed Ijyb
  3256 | D:3      | Reached skill level 1 in Armour
  3561 | D:4      | Reached skill level 3 in Spellcasting
  3780 | D:4      | Noticed a black bear
  3780 | D:4      | Noticed a black bear
  3788 | D:4      | Killed a black bear
  3789 | D:4      | Reached XP level 6. HP: 38/55 MP: 4/10
  3825 | D:4      | Killed a black bear
  3826 | D:4      | Reached skill level 3 in Dodging
  3826 | D:4      | Reached skill level 5 in Ice Magic
  3995 | D:4      | Found a transporter.
  4061 | D:4      | Found a radiant altar of Vehumet.
  4076 | D:4      | Reached skill level 3 in Fighting
  4076 | D:4      | Reached XP level 7. HP: 47/62 MP: 5/12
  4234 | D:4      | Found a transporter.
  4258 | D:4      | Reached skill level 2 in Armour
  4547 | D:4      | HP: 14/62 [orc warrior/+0 halberd (13)]
  4551 | D:4      | HP: 6/60 [wight/+5 spear of freezing (2)]
  5411 | D:4      | Noticed a fire bat
  5583 | D:5      | Entered Level 5 of the Dungeon
  5601 | D:5      | Reached skill level 4 in Fighting
  5614 | D:5      | Reached skill level 4 in Spellcasting
  5614 | D:5      | Reached XP level 8. HP: 38/72 MP: 7/14
  5881 | D:5      | Reached skill level 5 in Fighting
  5881 | D:5      | Reached skill level 3 in Armour
  5881 | D:5      | Reached skill level 4 in Dodging
  5881 | D:5      | Reached skill level 6 in Ice Magic
  6824 | D:5      | Found a staircase to the Ecumenical Temple.
  6829 | Temple   | Entered the Ecumenical Temple
  6846 | Temple   | Became a worshipper of Cheibriados the Contemplative
  6962 | D:5      | Reached skill level 6 in Fighting
  6965 | D:5      | Reached XP level 9. HP: 68/82 MP: 12/16
  6966 | D:5      | Reached skill level 5 in Spellcasting
  7319 | D:6      | Noticed Menkaure
  7324 | D:6      | Killed Menkaure
  7369 | D:6      | Reached skill level 4 in Armour
  7514 | D:6      | Reached * piety under Cheibriados
  7515 | D:6      | Reached skill level 7 in Fighting
  7645 | D:6      | Found a glowing drain.
  7726 | D:6      | Found a white marble altar of Elyvilon.
  7730 | D:6      | You pick up a book of the Hunter and begin reading...
  7730 | D:6      | You add the spells Call Canine Familiar, Portal Projectile
                  | and Leda's Liquefaction to your library.
  7781 | D:6      | Reached skill level 5 in Dodging
  7781 | D:6      | Reached skill level 7 in Ice Magic
  8376 | D:7      | Reached ** piety under Cheibriados
  8719 | D:7      | Reached skill level 8 in Fighting
  8719 | D:7      | Reached XP level 10. HP: 57/96 MP: 14/18
  8973 | D:7      | Reached skill level 6 in Spellcasting
  8983 | D:7      | Reached *** piety under Cheibriados
  9005 | D:7      | Reached skill level 1 in Invocations
  9369 | D:8      | Found a sacrificial altar of Ru.
  9430 | D:8      | Reached skill level 5 in Armour
  9605 | D:8      | You pick up a book of Lightning and begin reading...
  9605 | D:8      | You add the spells Static Discharge, Lightning Bolt and
                  | Maxwell's Capacitive Coupling to your library.
  9662 | D:8      | Found a transporter.
  9704 | D:8      | Found a transporter.
  9705 | D:8      | Identified the +2 longbow "Kiures" {flame, Int+4 Dex+3}
  9705 | D:8      | Identified the amulet of Monol {Acrobat *Corrode rElec rC+
                  | Dex+6}
  9786 | D:8      | Reached **** piety under Cheibriados
  9955 | D:8      | Found Duduimn's Jewellery Boutique.
 10014 | D:8      | Reached skill level 2 in Invocations
 10063 | D:9      | Noticed a two-headed ogre
 10070 | D:9      | Killed a two-headed ogre
 10323 | D:9      | Identified the +0 flail "Vyrchaeb" {drain, rElec rPois
                  | rN+++ Int-2}
 10422 | D:9      | Reached skill level 9 in Fighting
 10493 | D:9      | Found the +8 trident of the Octopus King {venom, rElec
                  | rPois}
 10497 | D:9      | Noticed a two-headed ogre
 10502 | D:9      | Reached skill level 8 in Ice Magic
 10504 | D:9      | Killed a two-headed ogre
 10505 | D:9      | Reached skill level 6 in Dodging
 10505 | D:9      | Reached skill level 3 in Invocations
 10733 | D:9      | Found a hazy altar of Hepliaklqana.
 10733 | D:9      | Found an iron altar of Okawaru.
 10816 | D:9      | Aim: an orc warrior, wielding a +0 glaive and wearing a +0
                  | chain mail (lightly wounded, about 29% to evade the +8
                  | trident of the Octopus King)
 10816 | D:9      | Aim: an orc warrior, wielding a +0 glaive and wearing a +0
                  | chain mail (lightly wounded, about 29% to evade the +8
                  | trident of the Octopus King)
 10817 | D:9      | Aim: an orc warrior, wielding a +0 glaive and wearing a +0
                  | chain mail (moderately wounded, about 29% to evade the +8
                  | trident of the Octopus King)
 10817 | D:9      | Aim: an orc warrior, wielding a +0 glaive and wearing a +0
                  | chain mail (moderately wounded, about 29% to evade the +8
                  | trident of the Octopus King)
 10971 | D:9      | Aim: an orc, wielding a +0 hand axe (asleep, about 2% to
                  | evade the +8 trident of the Octopus King)
 10971 | D:9      | Aim: an orc, wielding a +0 hand axe (asleep, about 2% to
                  | evade the +8 trident of the Octopus King)
 11029 | D:9      | Aim: an orc priest, wielding a +0 war axe and wearing a +0
                  | leather armour (moderately wounded, about 27% to evade the
                  | +8 trident of the Octopus King)
 11029 | D:9      | Aim: an orc priest, wielding a +0 war axe and wearing a +0
                  | leather armour (moderately wounded, about 27% to evade the
                  | +8 trident of the Octopus King)
 11034 | D:9      | Reached ***** piety under Cheibriados
 11036 | D:9      | Aim: an orc warrior, wielding a +0 trident and wearing a +0
                  | chain mail (heavily wounded, about 28% to evade the +8
                  | trident of the Octopus King)
 11036 | D:9      | Aim: an orc warrior, wielding a +0 trident and wearing a +0
                  | chain mail (heavily wounded, about 28% to evade the +8
                  | trident of the Octopus King)
 11037 | D:9      | Aim: an orc warrior, wielding a +0 trident and wearing a +0
                  | chain mail (almost dead, about 28% to evade the +8 trident
                  | of the Octopus King)
 11037 | D:9      | Aim: an orc warrior, wielding a +0 trident and wearing a +0
                  | chain mail (almost dead, about 28% to evade the +8 trident
                  | of the Octopus King)
 11039 | D:9      | Reached XP level 11. HP: 100/106 MP: 18/21
 11550 | D:9      | magus.rc [v1.9.6]
 11607 | D:10     | Entered Level 10 of the Dungeon
 11667 | D:10     | Reached skill level 4 in Invocations
 11709 | D:10     | Reached skill level 7 in Spellcasting
 11815 | D:10     | Reached skill level 10 in Fighting
 12161 | D:10     | Found a sparkling altar of Nemelex Xobeh.
 12269 | D:10     | Reached skill level 6 in Armour
 12280 | D:10     | Aim: a gnoll sergeant, wielding a +3 spear of flaming and
                  | wearing a +0 ring mail (heavily wounded, about 21% to evade
                  | the +8 trident of the Octopus King)
 12280 | D:10     | Aim: a gnoll sergeant, wielding a +3 spear of flaming and
                  | wearing a +0 ring mail (heavily wounded, about 21% to evade
                  | the +8 trident of the Octopus King)
 12281 | D:10     | Aim: a gnoll sergeant, wielding a +3 spear of flaming and
                  | wearing a +0 ring mail (almost dead, about 21% to evade the
                  | +8 trident of the Octopus King)
 12281 | D:10     | Aim: a gnoll sergeant, wielding a +3 spear of flaming and
                  | wearing a +0 ring mail (almost dead, about 21% to evade the
                  | +8 trident of the Octopus King)
 12282 | D:10     | Aim: a gnoll, wielding a +0 spear (about 23% to evade the
                  | +8 trident of the Octopus King)
 12282 | D:10     | Aim: a gnoll, wielding a +0 spear (about 23% to evade the
                  | +8 trident of the Octopus King)
 12283 | D:10     | Aim: a gnoll, wielding a +0 spear (lightly wounded, about
                  | 23% to evade the +8 trident of the Octopus King)
 12283 | D:10     | Aim: a gnoll, wielding a +0 spear (lightly wounded, about
                  | 23% to evade the +8 trident of the Octopus King)
 12284 | D:10     | Aim: a gnoll, wielding a +0 spear (heavily wounded, about
                  | 23% to evade the +8 trident of the Octopus King)
 12284 | D:10     | Aim: a gnoll, wielding a +0 spear (heavily wounded, about
                  | 23% to evade the +8 trident of the Octopus King)
 12285 | D:10     | Aim: a gnoll, wielding a +0 club (severely wounded, about
                  | 23% to evade the +8 trident of the Octopus King)
 12285 | D:10     | Aim: a gnoll, wielding a +0 club (severely wounded, about
                  | 23% to evade the +8 trident of the Octopus King)
 12430 | D:10     | Noticed a necromancer
 12440 | D:10     | Noticed a skeletal warrior
 12444 | D:10     | Killed a necromancer
 12445 | D:10     | Reached skill level 5 in Invocations
 12446 | D:10     | Reached ****** piety under Cheibriados
 12453 | D:10     | Killed a skeletal warrior
 12454 | D:10     | Reached skill level 9 in Ice Magic
 12455 | D:10     | Reached skill level 7 in Dodging
 12458 | D:10     | Reached skill level 11 in Fighting
 12471 | D:10     | HP: 26/111 [centaur warrior zombie (6)]
 12473 | D:10     | HP: 10/111 [centaur warrior zombie (8)]
 12478 | D:10     | HP: 21/111 [centaur warrior skeleton (7)]
 12484 | D:10     | HP: 12/111 [centaur warrior skeleton (2)]
 12486 | D:10     | HP: 5/111 [centaur warrior skeleton (8)]
 12492 | D:10     | Reached XP level 12. HP: 36/120 MP: 7/23
 12658 | D:10     | Reached skill level 6 in Invocations
 12808 | D:10     | You add the spells Sting, Poisonous Vapours and Olgreb's
                  | Toxic Radiance to your library.
 13144 | D:11     | Noticed a two-headed ogre
 13175 | D:11     | Aim: a two-headed ogre, wielding two +0 giant spiked clubs
                  | (lightly wounded, about 16% to evade the +8 trident of the
                  | Octopus King)
 13175 | D:11     | Aim: a two-headed ogre, wielding two +0 giant spiked clubs
                  | (lightly wounded, about 16% to evade the +8 trident of the
                  | Octopus King)
 13176 | D:11     | Aim: a two-headed ogre, wielding two +0 giant spiked clubs
                  | (heavily wounded, extremely poisoned, about 16% to evade
                  | the +8 trident of the Octopus King)
 13176 | D:11     | Aim: a two-headed ogre, wielding two +0 giant spiked clubs
                  | (heavily wounded, extremely poisoned, about 16% to evade
                  | the +8 trident of the Octopus King)
 13176 | D:11     | Killed a two-headed ogre
 13177 | D:11     | Reached skill level 1 in Poison Magic
 13202 | D:11     | Learned a level 4 spell: Olgreb's Toxic Radiance
 13215 | D:11     | Aim: a centaur, wielding a +0 shortbow (moderately wounded,
                  | about 18% to evade the +8 trident of the Octopus King)
 13215 | D:11     | Aim: a centaur, wielding a +0 shortbow (moderately wounded,
                  | about 18% to evade the +8 trident of the Octopus King)
 13216 | D:11     | Aim: a centaur, wielding a +0 shortbow (heavily wounded,
                  | very poisoned, about 18% to evade the +8 trident of the
                  | Octopus King)
 13216 | D:11     | Aim: a centaur, wielding a +0 shortbow (heavily wounded,
                  | very poisoned, about 18% to evade the +8 trident of the
                  | Octopus King)
 13219 | D:11     | Aim: a centaur, wielding a +0 shortbow (lightly wounded,
                  | about 18% to evade the +8 trident of the Octopus King)
 13219 | D:11     | Aim: a centaur, wielding a +0 shortbow (lightly wounded,
                  | about 18% to evade the +8 trident of the Octopus King)
 13220 | D:11     | Aim: a centaur, wielding a +0 shortbow (heavily wounded,
                  | very poisoned, about 18% to evade the +8 trident of the
                  | Octopus King)
 13220 | D:11     | Aim: a centaur, wielding a +0 shortbow (heavily wounded,
                  | very poisoned, about 18% to evade the +8 trident of the
                  | Octopus King)
 13221 | D:11     | Aim: an orc, wielding a +0 falchion (moderately wounded,
                  | about 25% to evade the +8 trident of the Octopus King)
 13221 | D:11     | Aim: an orc, wielding a +0 falchion (moderately wounded,
                  | about 25% to evade the +8 trident of the Octopus King)
 13223 | D:11     | Aim: an orc warrior, wielding a +0 glaive of protection,
                  | wearing a +0 plate armour and carrying a wand of iceblast
                  | (8) (about 25% to evade the +8 trident of the Octopus King)
 13223 | D:11     | Aim: an orc warrior, wielding a +0 glaive of protection,
                  | wearing a +0 plate armour and carrying a wand of iceblast
                  | (8) (about 25% to evade the +8 trident of the Octopus King)
 13224 | D:11     | Aim: an orc warrior, wielding a +0 glaive of protection,
                  | wearing a +0 plate armour and carrying a wand of iceblast
                  | (7) (moderately wounded, very poisoned, about 25% to evade
                  | the +8 trident of the Octopus King)
 13224 | D:11     | Aim: an orc warrior, wielding a +0 glaive of protection,
                  | wearing a +0 plate armour and carrying a wand of iceblast
                  | (7) (moderately wounded, very poisoned, about 25% to evade
                  | the +8 trident of the Octopus King)
 13226 | D:11     | Aim: an orc warrior, wielding a +0 glaive of protection,
                  | wearing a +0 plate armour and carrying a wand of iceblast
                  | (6) (severely wounded, very poisoned, about 25% to evade
                  | the +8 trident of the Octopus King)
 13226 | D:11     | Aim: an orc warrior, wielding a +0 glaive of protection,
                  | wearing a +0 plate armour and carrying a wand of iceblast
                  | (6) (severely wounded, very poisoned, about 25% to evade
                  | the +8 trident of the Octopus King)
 13355 | D:11     | Found a staircase to the Lair.
 13358 | D:11     | Noticed a boulder beetle
 13363 | D:11     | Reached skill level 2 in Poison Magic
 13373 | D:11     | Killed a boulder beetle
 13515 | D:11     | Reached skill level 7 in Armour
 13686 | D:11     | Reached skill level 3 in Poison Magic
 14011 | Lair:1   | Entered Level 1 of the Lair of Beasts
 14141 | Lair:1   | Reached skill level 12 in Fighting
 14286 | Lair:1   | Reached skill level 4 in Poison Magic
 14286 | Lair:1   | Reached skill level 7 in Invocations
 14519 | Lair:1   | You pick up a book of Burglary and begin reading...
 14519 | Lair:1   | You add the spells Passwall, Ensorcelled Hibernation and
                  | Swiftness to your library.
 15372 | Lair:2   | Reached skill level 5 in Poison Magic
 15486 | Lair:2   | Reached skill level 8 in Dodging
 15687 | Lair:2   | Noticed Harold
 15700 | Lair:2   | Killed Harold
 15784 | Lair:2   | Noticed Gastronok
 15784 | Lair:2   | Gastronok the Ponderous comes into view. He is wearing the
                  | +3 hat of Pondering {ponderous, Will+ MP+10 Int+5}.
 15785 | Lair:2   | Aim: Gastronok, wearing the +3 hat of Pondering {ponderous,
                  | Will+ MP+10 Int+5} (asleep, 98% to hit)
 15785 | Lair:2   | Aim: Gastronok, wearing the +3 hat of Pondering {ponderous,
                  | Will+ MP+10 Int+5} (asleep, 98% to hit)
 15811 | Lair:2   | Killed Gastronok
 15812 | Lair:2   | Reached skill level 1 in Polearms
 15812 | Lair:2   | Gained mutation: You can use your snake-like lower body to
                  | constrict enemies. [Naga growth]
 15812 | Lair:2   | Reached XP level 13. HP: 56/130 MP: 17/24
 16351 | Lair:2   | Reached skill level 8 in Invocations
 16555 | Lair:3   | Reached skill level 2 in Polearms
 16568 | Lair:3   | Reached skill level 6 in Poison Magic
 17269 | Lair:3   | Found a staircase to the Snake Pit.
 17307 | Lair:3   | Reached skill level 13 in Fighting
 17561 | Lair:3   | Reached skill level 8 in Armour
 17563 | Lair:3   | Reached skill level 3 in Polearms
 18028 | Lair:3   | Reached skill level 7 in Poison Magic
 18376 | Lair:3   | Reached skill level 9 in Invocations
 18385 | Lair:3   | Reached skill level 4 in Polearms
 18406 | Lair:3   | Reached skill level 8 in Poison Magic
 18408 | Lair:3   | Reached skill level 9 in Dodging
 18424 | Lair:3   | Reached XP level 14. HP: 103/141 MP: 16/25
 18569 | Lair:3   | You pick up a book of Alchemy and begin reading...
 18569 | Lair:3   | You add the spells Sublimation of Blood, Petrify and
                  | Irradiate to your library.
 18689 | Lair:3   | Identified the +4 trident of Anka {vorpal, rPois rC+ rCorr
                  | Str-5}
 18971 | Lair:4   | Reached skill level 1 in Evocations
 19064 | Lair:4   | Noticed Nergalle
 19082 | Lair:4   | Killed Nergalle
 19083 | Lair:4   | Reached skill level 5 in Polearms
 19114 | Lair:4   | Noticed Josephine
 19166 | Lair:4   | Killed Josephine
 19230 | Lair:4   | Reached skill level 2 in Evocations
 19287 | Lair:4   | Identified the +8 glaive of Caetor {vorpal, Stlth+}
 19621 | Lair:4   | Found a staircase to the Swamp.
 20564 | Lair:5   | Reached skill level 10 in Invocations
 21088 | Lair:5   | Reached skill level 3 in Evocations
 21236 | Lair:5   | Identified the +1 scale mail "Tehou" {Dex+4}
 21454 | Lair:6   | Entered Level 6 of the Lair of Beasts
 21462 | Lair:6   | Reached skill level 6 in Polearms
 21470 | Lair:6   | Reached skill level 14 in Fighting
 21774 | Lair:6   | Found a staircase to the Slime Pits.
 21786 | Lair:6   | Reached skill level 4 in Evocations
 22691 | Lair:6   | Noticed Urug
 22694 | Lair:6   | Noticed a dire elephant
 22702 | Lair:6   | Killed Urug
 22723 | Lair:6   | Killed a dire elephant
 22724 | Lair:6   | Reached XP level 15. HP: 68/151 MP: 26/26
 23018 | Lair:6   | Found a burning altar of Makhleb.
 23028 | Lair:6   | Aim: a red devil, wielding a +0 trident (severely wounded,
                  | about 28% to evade the +8 trident of the Octopus King)
 23028 | Lair:6   | Aim: a red devil, wielding a +0 trident (severely wounded,
                  | about 28% to evade the +8 trident of the Octopus King)
 23029 | Lair:6   | Reached skill level 10 in Dodging
 23035 | Lair:6   | Reached skill level 7 in Polearms
 23053 | Lair:6   | Reached skill level 5 in Evocations
 23054 | Lair:6   | Reached skill level 11 in Invocations
 23092 | Lair:6   | Found a gateway to Hell.
 23521 | D:12     | You pick up a book of Weapons and begin reading...
 23521 | D:12     | You add the spells Excruciating Wounds and Blade Hands to
                  | your library.
 23716 | D:12     | Found a staircase to the Orcish Mines.
 23828 | D:12     | Aim: an orc, wielding a +0 dagger (about 22% to evade the
                  | +8 trident of the Octopus King)
 23828 | D:12     | Aim: an orc, wielding a +0 dagger (about 22% to evade the
                  | +8 trident of the Octopus King)
 23829 | D:12     | Aim: an orc warrior, wielding a +0 long sword and wearing a
                  | +0 plate armour (about 22% to evade the +8 trident of the
                  | Octopus King)
 23829 | D:12     | Aim: an orc warrior, wielding a +0 long sword and wearing a
                  | +0 plate armour (about 22% to evade the +8 trident of the
                  | Octopus King)
 23830 | D:12     | Aim: an orc warrior, wielding a +0 long sword and wearing a
                  | +0 plate armour (moderately wounded, very poisoned, about
                  | 22% to evade the +8 trident of the Octopus King)
 23830 | D:12     | Aim: an orc warrior, wielding a +0 long sword and wearing a
                  | +0 plate armour (moderately wounded, very poisoned, about
                  | 22% to evade the +8 trident of the Octopus King)
 23831 | D:12     | Aim: an orc warrior, wielding a +0 long sword and wearing a
                  | +0 plate armour (heavily wounded, constricted by you, very
                  | poisoned, about 7% to evade the +8 trident of the Octopus
                  | King)
 23831 | D:12     | Aim: an orc warrior, wielding a +0 long sword and wearing a
                  | +0 plate armour (heavily wounded, constricted by you, very
                  | poisoned, about 7% to evade the +8 trident of the Octopus
                  | King)
 23832 | D:12     | Aim: an orc warrior, wielding a +0 long sword and wearing a
                  | +0 plate armour (almost dead, constricted by you, very
                  | poisoned, about 7% to evade the +8 trident of the Octopus
                  | King)
 23832 | D:12     | Aim: an orc warrior, wielding a +0 long sword and wearing a
                  | +0 plate armour (almost dead, constricted by you, very
                  | poisoned, about 7% to evade the +8 trident of the Octopus
                  | King)
 23833 | D:12     | Aim: an orc, wielding a +0 short sword and wearing a +0
                  | leather armour (severely wounded, about 22% to evade the +8
                  | trident of the Octopus King)
 23833 | D:12     | Aim: an orc, wielding a +0 short sword and wearing a +0
                  | leather armour (severely wounded, about 22% to evade the +8
                  | trident of the Octopus King)
 24053 | D:13     | Found a gate to the Vaults.
 24390 | D:13     | Aim: a kobold demonologist, wielding a +0 dagger and
                  | wearing a +0 robe (purple smoke, heavily wounded, very
                  | poisoned, about 28% to evade the +8 trident of the Octopus
                  | King)
 24390 | D:13     | Aim: a kobold demonologist, wielding a +0 dagger and
                  | wearing a +0 robe (purple smoke, heavily wounded, very
                  | poisoned, about 28% to evade the +8 trident of the Octopus
                  | King)
 24391 | D:13     | Aim: a kobold demonologist, wielding a +0 dagger and
                  | wearing a +0 robe (almost dead, very poisoned, about 28% to
                  | evade the +8 trident of the Octopus King)
 24391 | D:13     | Aim: a kobold demonologist, wielding a +0 dagger and
                  | wearing a +0 robe (almost dead, very poisoned, about 28% to
                  | evade the +8 trident of the Octopus King)
 24433 | D:13     | You pick up a book of Scorching and begin reading...
 24433 | D:13     | You add the spells Scorch, Flame Wave and Summon Cactus
                  | Giant to your library.
 24855 | D:13     | Demolished by an enormous slime creature

Vanquished Creatures
  Gastronok (Lair:2)
  A dire elephant (Lair:6)
  Josephine (Lair:4)
  Harold (Lair:2)
  4 boulder beetles
  15 hydras
  A catoblepas (Lair:5)
  A death yak (Lair:3)
  5 two-headed ogres
  Urug (Lair:6)
  Nergalle (Lair:4)
  A sun demon (Lair:6)
  A skeletal warrior (D:10)
  A necromancer (D:10)
  A wizard (Lair:6)
  2 cyclopes
  4 elephants (Lair:5)
  8 black mambas
  12 cane toads
  An orange demon (Lair:6)
  A torpor snail (Lair:6)
  8 rime drakes
  An unseen horror (D:13)
  14 komodo dragons
  4 kobold demonologists
  3 ice devils (Lair:6)
  A red devil (Lair:6)
  An efreet (D:13)
  A hellwing (Lair:6)
  4 polar bears (Lair:6)
  9 dream sheep
  4 slime creatures (D:13)
  18 blink frogs
  4 flying skulls (D:10)
  A vampire (D:13)
  4 shadows
  6 wraiths
  A spriggan (Lair:2)
  3 wyverns
  29 yaks
  7 basilisks
  2 steam dragons (D:10)
  12 vampire mosquitoes
  Menkaure (D:6)
  2 wargs (D:11)
  An acid dragon (D:9)
  4 hell hounds (Lair:6)
  16 water moccasins
  7 black bears
  9 orc warriors
  2 ice beasts
  6 sky beasts
  2 necrophages
  3 ogres
  23 wolves
  12 centaurs
  A phantom (D:5)
  4 kobold brigands
  6 scorpions
  18 bullfrogs
  A gnoll sergeant (D:10)
  5 wights
  5 killer bees (D:5)
  6 electric eels
  6 crimson imps (D:7)
  5 howler monkeys
  2 bullfrog zombies
  10 centaur zombies
  6 orc priests
  A hound (D:7)
  2 bullfrog skeletons (D:5)
  9 centaur skeletons
  4 orc wizards
  2 iguanas (D:7)
  Ijyb (D:3)
  7 hell rats (Lair:3)
  A killer bee zombie (D:7)
  3 howler monkey zombies
  11 adders
  18 gnolls
  3 howler monkey skeletons (D:10)
  2 shadow imps
  8 white imps
  3 adder skeletons (D:4)
  A worm (D:2)
  4 dart slugs
  57 orcs
  13 ball pythons
  8 endoplasms
  4 giant cockroaches
  7 goblins
  5 hobgoblins
  6 quokkas
  3 bats (D:1)
  6 frilled lizards
  17 kobolds
  4 rats
574 creatures vanquished.

Vanquished Creatures (others)
  46 fungi
  108 plants
154 creatures vanquished.

Grand Total: 728 creatures vanquished

Table legend:
 A = Non-vault XP
 B = Vault XP
 C = Vault XP percentage of total XP
 D = Non-vault monster count
 E = Vault monster count
 F = Vault count percentage of total count
                 A         B        C        D         E       F
            +---------+---------+-------+---------+---------+-------
      Total |   53431 |   47499 |  47.1 |     395 |     179 |  31.2
            +---------+---------+-------+---------+---------+-------
        D:1 |      59 |       4 |   6.3 |      25 |       2 |   7.4
        D:2 |      84 |       2 |   2.3 |      20 |       1 |   4.8
        D:3 |      49 |      47 |  49.0 |      14 |       3 |  17.6
        D:4 |     530 |     222 |  29.5 |      25 |       4 |  13.8
        D:5 |    1567 |       0 |   0.0 |      28 |       0 |   0.0
        D:6 |     967 |     184 |  16.0 |      17 |       7 |  29.2
        D:7 |    1129 |     324 |  22.3 |      22 |       9 |  29.0
        D:8 |     700 |     213 |  23.3 |      12 |      20 |  62.5
        D:9 |    3531 |       0 |   0.0 |      31 |       0 |   0.0
       D:10 |    1525 |    8508 |  84.8 |      18 |      36 |  66.7
       D:11 |    4567 |     540 |  10.6 |      23 |       7 |  23.3
       D:12 |    1411 |       0 |   0.0 |       7 |       0 |   0.0
       D:13 |    6067 |    1866 |  23.5 |      21 |       3 |  12.5
     Lair:1 |    4255 |       0 |   0.0 |      24 |       0 |   0.0
     Lair:2 |    2085 |    3281 |  61.1 |      10 |       5 |  33.3
     Lair:3 |    4786 |   15788 |  76.7 |      30 |      42 |  58.3
     Lair:4 |    3989 |    2581 |  39.3 |      15 |       8 |  34.8
     Lair:5 |    5465 |    2769 |  33.6 |      17 |       5 |  22.7
     Lair:6 |   10665 |   11170 |  51.2 |      36 |      27 |  42.9
            +---------+---------+-------+---------+---------+-------

Illustrated notes

Table legend:
 A = Kills in this place as a percentage of kills in entire the game.
 B = Kills by you in this place as a percentage of kills by you in the entire game.
 C = Kills by friends in this place as a percentage of kills by friends in the entire game.
 D = Other kills in this place as a percentage of other kills in the entire game.
 E = Experience gained in this place as a percentage of experience gained in the entire game.
 F = Experience gained in this place divided by the number of levels of this place that you have seen.
                   A       B       C       D       E      F
               +-------+-------+-------+-------+-------+----------------------
         Total | 100.0 | 100.0 |   N/A |   N/A | 100.0 | 5046.5
       Dungeon |  61.8 |  61.8 |   N/A |   N/A |  33.8 | 2622.8
          Lair |  38.2 |  38.2 |   N/A |   N/A |  66.2 | 11139.0
               +-------+-------+-------+-------+-------+----------------------

Table legend: (Time is in decaauts)
 A = Elapsed time spent in this place.
 B = Non-inter-level travel time spent in this place.
 C = Inter-level travel time spent in this place.
 D = Time resting spent in this place.
 E = Time spent auto-exploring this place.
 F = Levels seen in this place.
 G = Mean time per level.
                   A        B        C        D        E       F      G
               +--------+--------+--------+--------+--------+-----+--------+
         Total |  42888 |  40450 |   2438 |   3670 |  30497 |  20 | 2144.4 |
       Dungeon |  24004 |  22749 |   1255 |   2569 |  16330 |  13 | 1846.5 |
        Temple |     46 |     25 |     21 |      0 |      9 |   1 |   46.0 |
          Lair |  18837 |  17676 |   1161 |   1101 |  14157 |   6 | 3139.5 |
               +--------+--------+--------+--------+--------+-----+--------+

Top non-repeatable levels by time:
  Lair:3: 4385 daAuts
  Lair:6: 3418 daAuts
  Lair:1: 3353 daAuts
  Lair:5: 2774 daAuts
     D:9: 2702 daAuts
  Lair:4: 2536 daAuts
    D:10: 2492 daAuts
     D:4: 2488 daAuts
  Lair:2: 2368 daAuts
    D:11: 2249 daAuts
     D:5: 2208 daAuts
    D:13: 2035 daAuts
     D:7: 1724 daAuts
     D:1: 1593 daAuts
     D:6: 1585 daAuts
